 Dungeon Crawl Stone Soup version 0.17.1-1-g73c8601 (webtiles) character file.

1442 Kaelvos the Carver (level 8, -3/58 HPs)
             Began as a Demonspawn Fighter on Apr 8, 2016.
             Was a Believer of Okawaru.
             Slain by Implojin's ghost (16 damage)
             ... on level 6 of the Dungeon on Apr 9, 2016.
             The game lasted 00:39:16 (8484 turns).

Kaelvos the Carver (Demonspawn Fighter)             Turns: 8484, Time: 00:39:16

Health: -3/58      AC: 13    Str: 25    XL:     8   Next: 46%
Magic:  8/8        EV:  4    Int:  9    God:    Okawaru [**....]
Gold:   265        SH:  9    Dex: 12    Spells: 0 memorised, 7 levels left

rFire  . . .     SeeInvis .     l - +0 long sword
rCold  + . .     Clarity  +     v - +1 plate armour {rC+}
rNeg   + . .     SustAt   +     k - +0 shield
rPois  +         Gourm    .     (helmet restricted)
rElec  .         Spirit   .     (no cloak)
rCorr  .         Warding  .     i - +0 pair of gloves
rMut   .         Stasis   .     (boots unavailable)
MR     .....                    r - amulet of faith
Stlth  ..........               f - ring of sustain attributes
                                q - ring of positive energy

@: mighty, not resistant to hostile enchantments, extremely unstealthy
A: antennae 1, claws 1, hooves 3, berserk 1, clarity, poison resistance
a: Heroism, Renounce Religion


You were on level 6 of the Dungeon.
You worshipped Okawaru.
Okawaru was pleased with you.
You were hungry.

You visited 2 branches of the dungeon, and saw 7 of its levels.

You collected 265 gold pieces.

Inventory:

Hand Weapons
 a - a +0 long sword
 l - a +0 long sword (weapon)
Armour
 b - a +0 scale mail
 i - a +0 pair of gloves (worn)
 k - a +0 shield (worn)
 v - a +1 plate armour of cold resistance (worn)
Jewellery
 f - a ring of sustain attributes (right hand)
 q - a ring of positive energy (left hand)
 r - an amulet of faith (around neck)
 x - a cursed amulet of inaccuracy {unknown}
Scrolls
 c - 7 scrolls of remove curse
 j - a scroll of immolation {unknown}
 n - a scroll of fear {unknown}
 p - 3 scrolls of teleportation
 t - a scroll of recharging
 u - a scroll of enchant weapon {unknown}
Potions
 g - 2 potions of flight
 h - a potion of magic {unknown}
 s - a potion of brilliance {unknown}
 z - a potion of curing
 B - a potion of invisibility {unknown}
Comestibles
 d - 2 meat rations
 e - 3 bread rations
 m - 2 slices of pizza
 o - 2 fruits


   Skills:
 - Level 3.0 Fighting
 + Level 9.8 Long Blades
 - Level 2.6 Armour
 - Level 2.6 Shields


You had 7 spell levels left.
You didn't know any spells.

Dungeon Overview and Level Annotations

Branches:
Dungeon (6/15)             Temple (1/1) D:4

Altars:
Ashenzari
Dithmenos
Elyvilon
Fedhas
Gozag
Kikubaaqudgha
Makhleb
Nemelex Xobeh
Okawaru
Qazlal
Ru
Sif Muna
Trog
Vehumet
Xom
Yredelemnul
The Shining One

Annotations:
D:6 Implojin's ghost, novice TrBe


Innate Abilities, Weirdness & Mutations

You have a pair of small antennae on your head.
You have sharp fingernails.
You have hooves in place of feet.
You tend to lose your temper in combat.
You possess an exceptional clarity of mind.
Your system is resistant to poisons.


Message History

You hit Implojin's ghost. Your kick misses Implojin's ghost.
Implojin's ghost is severely damaged.
You slash Implojin's ghost! You kick Implojin's ghost.
Implojin's ghost is almost destroyed.
Implojin's ghost hits you but does no damage.
Implojin's ghost hits you!
* * * LOW HITPOINT WARNING * * *
Your shield prevents you from hitting Implojin's ghost.
You kick Implojin's ghost.
Implojin's ghost is almost destroyed.
You block Implojin's ghost's attack.
You closely miss Implojin's ghost.
You kick Implojin's ghost, but do no damage.
Implojin's ghost is almost destroyed.
Implojin's ghost hits you.
* * * LOW HITPOINT WARNING * * *
Your shield and plate armour prevent you from hitting Implojin's ghost.
Implojin's ghost is almost destroyed.
Implojin's ghost hits you!
You die...

#..<......#
#.....#..##....##
#.....#..##....#
#.....#...'....#
########.....#...#....#
.............#..##'####
.............#..##....#
...........W%#..#.....#
...........@$#..#.)...#
.##'####<....#..#.....+
#.....#..##...##
#.....#..##...###.
#.....#............
#.....#............
#.....#..##...###..
#.....#..##...### #
#.....#.........#


You could see Implojin's ghost.

Vanquished Creatures
  Sigmund (D:4)
  Duvessa (D:6)
  A phantom (D:5)
  An ice beast (D:6)
  An ogre (D:4)
  A sky beast (D:5)
  A centaur (D:5)
  A big kobold (D:4)
  Dowan (D:6)
  2 hounds (D:5)
  A wasp zombie (D:6)
  An iguana (D:4)
  2 centaur skeletons
  Terence (D:3)
  Natasha (thrice) (D:3)
  2 orc wizards (D:5)
  3 worker ants
  Robin (D:3)
  2 gnolls (D:6)
  A worker ant zombie (D:5)
  8 adders
  A shadow imp (D:4)
  2 oozes
  4 worms
  An adder skeleton (D:5)
  A giant gecko (D:2)
  8 orcs
  11 bats
  12 goblins
  11 hobgoblins
  11 jackals
  24 kobolds
  6 quokkas
  2 ball pythons (D:2)
  2 giant cockroaches
  5 giant newts
  8 rats
  6 plants (D:4)
151 creatures vanquished.

Vanquished Creatures (others)
  A worker ant (D:4)
  2 plants (D:4)
3 creatures vanquished.

Grand Total: 154 creatures vanquished

Notes
Turn   | Place    | Note
--------------------------------------------------------------
     0 | D:1      | Kaelvos the Demonspawn Fighter began the quest for the Orb.
     0 | D:1      | Reached XP level 1. HP: 18/18 MP: 1/1
   344 | D:1      | Gained mutation: You have a pair of small antennae on your head. [demonic ancestry]
   344 | D:1      | Reached XP level 2. HP: 24/24 MP: 2/2
   941 | D:2      | Reached XP level 3. HP: 21/29 MP: 3/3
  2220 | D:2      | Reached skill level 4 in Long Blades
  2220 | D:2      | Gained mutation: You have large cloven feet. [demonic ancestry]
  2220 | D:2      | Reached XP level 4. HP: 14/35 MP: 4/4
  2993 | D:3      | Noticed Natasha
  3000 | D:3      | Noticed Robin
  3009 | D:3      | Killed Robin
  3466 | D:3      | Killed Natasha
  3466 | D:3      | Gained mutation: You have hoof-like feet. [demonic ancestry]
  3466 | D:3      | Reached XP level 5. HP: 24/41 MP: 5/5
  3524 | D:3      | Noticed Natasha
  3533 | D:3      | Killed Natasha
  3533 | D:3      | Reached skill level 5 in Long Blades
  3842 | D:3      | Noticed Natasha
  3845 | D:3      | Killed Natasha
  3857 | D:3      | Noticed Terence
  3863 | D:3      | Killed Terence
  4198 | D:4      | Reached XP level 6. HP: 47/47 MP: 6/6
  4257 | D:4      | Reached skill level 6 in Long Blades
  4567 | D:4      | Found a staircase to the Ecumenical Temple.
  4574 | Temple   | Entered the Ecumenical Temple
  4725 | Temple   | Became a worshipper of Warmaster Okawaru
  4806 | D:4      | Found a blossoming altar of Fedhas.
  4950 | D:4      | Noticed Sigmund
  4972 | D:4      | Killed Sigmund
  4972 | D:4      | Reached skill level 7 in Long Blades
  4972 | D:4      | Gained mutation: You have sharp fingernails. [demonic ancestry]
  4972 | D:4      | Reached XP level 7. HP: 17/52 MP: 7/7
  5239 | D:4      | Noticed an ogre
  5251 | D:4      | Killed an ogre
  6286 | D:5      | Entered Level 5 of the Dungeon
  6302 | D:5      | Reached * piety under Okawaru
  6431 | D:5      | Found a burning altar of Makhleb.
  6434 | D:5      | Found a radiant altar of Vehumet.
  6437 | D:5      | Found a sacrificial altar of Ru.
  6440 | D:5      | Found a shadowy altar of Dithmenos.
  6499 | D:5      | Reached skill level 8 in Long Blades
  7102 | D:5      | Gained mutation: You tend to lose your temper in combat. [mutagenic meat]
  7103 | D:5      | Gained mutation: You possess an exceptional clarity of mind. [mutagenic meat]
  7104 | D:5      | Gained mutation: Your system is resistant to poisons. [mutagenic meat]
  7138 | D:5      | Gained mutation: You have hooves in place of feet. [demonic ancestry]
  7138 | D:5      | Reached XP level 8. HP: 35/58 MP: 8/8
  7360 | D:5      | Reached skill level 9 in Long Blades
  8067 | D:6      | Reached ** piety under Okawaru
  8156 | D:6      | Noticed Dowan
  8157 | D:6      | Noticed Duvessa
  8161 | D:6      | Found a shadowy altar of Dithmenos.
  8167 | D:6      | Killed Dowan
  8174 | D:6      | Killed Duvessa
  8465 | D:6      | Noticed Implojin's ghost (novice TrBe)
  8484 | D:6      | Slain by Implojin's ghost

Action                   |  1- 3 |  4- 6 |  7- 9 || total
-------------------------+-------+-------+-------++-------
Melee: Long sword        |   139 |   334 |   323 ||   796
  Use: Scroll            |     4 |     2 |     1 ||     7
       Potion            |     1 |     4 |     3 ||     8
  Eat: Chunk             |     4 |    10 |     9 ||    23
       Fruit             |       |       |     1 ||     1
       Meat ration       |       |       |     1 ||     1
